 Dungeon Crawl Stone Soup version 0.21.1-1-g345015f (webtiles) character file.

15 letownia2 the Conjurer (level 2, -2/15 HPs)
             Began as a Tengu Fire Elementalist on Mar 5, 2018.
             Killed from afar by Natasha (10 damage)
             ... with a magic dart
             ... on level 3 of the Dungeon.
             The game lasted 00:01:59 (513 turns).

letownia2 the Conjurer (Tengu Fire Elementalist)     Turns: 513, Time: 00:01:59

Health: -2/15      AC:  2    Str:  8    XL:     2   Next: 50%
Magic:  6/6        EV: 12    Int: 15    God:
Gold:   58         SH:  0    Dex: 14    Spells: 4/5 levels left

rFire    . . .     SeeInvis .   i - +2 short sword (protect)
rCold    . . .     Gourm    .   (no shield)
rNeg     . . .     Faith    .   a - +0 robe
rPois    .         Spirit   .   (helmet restricted)
rElec    .         Reflect  .   (no cloak)
rCorr    .         Harm     .   (no gloves)
MR       .....                  (boots unavailable)
Stlth    ++........             (no amulet)
HPRegen  0.05/turn              (no ring)
MPRegen  0.10/turn              (no ring)

@: no status effects
A: beak, talons 3
a: no special abilities


You were on level 3 of the Dungeon.
You were not hungry.

You visited 1 branch of the dungeon, and saw 4 of its levels.

You collected 58 gold pieces.

Inventory:

Hand Weapons
 i - a +2 short sword of protection (weapon)
Armour
 a - a +0 robe (worn)
Scrolls
 d - 2 scrolls of remove curse {unknown}
 e - a scroll of amnesia {unknown}
 f - a scroll of teleportation {unknown}
 g - a scroll of noise {unknown}
 h - a scroll of fear {unknown}
 j - 3 scrolls of blinking {unknown}
Books
 b - a book of Flames

   Spells                             Type                      Level
   a - Flame Tongue                   Conjuration/Fire             1
   b - Throw Flame                    Conjuration/Fire             2
   c - Conjure Flame                  Conjuration/Fire             3
   d - Inner Flame                    Hexes/Fire                   3
   e - Sticky Flame                   Conjuration/Fire             4
   f - Fireball                       Conjuration/Fire             5
Comestibles
 c - a ration


   Skills:
 - Level 2.1 Dodging
 - Level 2.0 Stealth
 - Level 2.0 Spellcasting
 + Level 3.3 Conjurations
 - Level 3.2 Fire Magic


You had 4 spell levels left.
You knew the following spells:

 Your Spells              Type           Power        Failure   Level  Hunger
a - Flame Tongue          Conj/Fire      ##...        6%          1    #......


Dungeon Overview and Level Annotations

Branches:
Dungeon (4/15)
 Temple: D:4-7

Altars:

Annotations:
D:3 Natasha


Innate Abilities, Weirdness & Mutations

You have a beak for a mouth.
You have claws for feet.


Message History

Casting: Flame Tongue
Confirm with . or Enter, or press ? or * to list all spells.
You can't see any susceptible monsters within range! (Use Z to cast anyway.) Magic restored.
You see here a war axe.
You see here a leopard gecko skeleton.
Found a scroll labeled DARCHY IBUITISM.
Found a chain mail.
d - 2 scrolls labeled DARCHY IBUITISM (gained 1) Natasha, Servant of Life and Death comes into view.
Natasha hisses angrily.
Natasha mumbles some strange words.
You hear an angry hiss.
A frilled lizard and a rat come into view.
The frilled lizard hisses angrily.
You hear a shout! x2
Found a ration and 7 gold pieces.
Natasha casts a spell at you. The magic dart hits you!
Ouch! That really hurt!
You die...

.##... .r...##### .l#.......
#.......$........ ......
........%.h.#.#.#######.....
....... #.#.#.. .......#
#.#[.... #.#.#.. .......#
##.# ...###.#.#.# #.....# ..#
...#@#.#.#####.....#
#.#######.#.#.#....<#.....##
#>.................รท..)....#
#.#####.#...#.........#....[
#.# .....#.#############.#.
#.# ##.#...#.........# #.#.
..# #.#..##.#######.# #.#.
### # ##. #.# #.# #... .. #.#
#.######


You could see Natasha.

Vanquished Creatures
  A leopard gecko (D:3)
  A bat (D:2)
  A giant cockroach (D:1)
  A goblin (D:2)
  3 jackals
  A ball python (D:2)
  A frilled lizard (D:3)
  2 kobolds
  2 rats
13 creatures vanquished.

Notes
Turn   | Place    | Note
-------+----------+-------------------------------------------
     0 | D:1      | letownia2 the Tengu Fire Elementalist began the quest for the Orb.
     0 | D:1      | Reached XP level 1. HP: 10/10 MP: 4/4
   105 | D:2      | Noticed a hound
   117 | D:2      | Reached XP level 2. HP: 9/15 MP: 1/6
   401 | D:4      | Noticed an ogre
   509 | D:3      | Noticed Natasha
   510 | D:3      | Noticed a crimson imp
   513 | D:3      | Killed from afar by Natasha

Skill      XL: |  1  2 |
---------------+-------+-----
Conjurations   | 2 3 |  3.3
Dodging        | |  2.1
Stealth        | |  2.0
Spellcasting   | |  2.0
Fire Magic     | |  3.2

Action                   || total
-------------------------++-------
Melee: Unarmed           ||     1
 Cast: Flame Tongue      ||    22
Armor: Robe              ||    10
Dodge: Dodged            ||    31
